 Dungeon Crawl Stone Soup version 0.31-a0-981-geadf994542 (webtiles) character file.

Game seed: 5153516176392751966

591 gruber the Grappler (level 7, 0/38 (61) HPs)
             Began as a Troll Shapeshifter on Nov 2, 2023.
             Succumbed to a scorpion's poison
             ... on level 5 of the Dungeon.
             The game lasted 00:02:50 (2781 turns).

gruber the Grappler (Troll Shapeshifter)            Turns: 2781, Time: 00:02:50

HP:   0/38 (61)     AC:  4    Str: 31    XL:     7   Next: 16%
MP:   6/6           EV:  9    Int:  6    God:
Gold: 423           SH:  0    Dex:  9    Spells: 6/6 levels left

rFire   . .          .
                       - Unarmed
rCold   . . .        (no shield)
rNeg    . . .        a - +0 animal skin
rPois   .            (helmet currently unavailable)
rElec   .            (cloak currently unavailable)
rCorr   .            (gloves unavailable)
SInv    .            (boots unavailable)
Will    .....        (no amulet)
Stlth   +            f - +6 ring of strength
HPRegen 1.06/turn    (no ring)
MPRegen 0.10/turn

%: no passive effects
@: lethally poisoned (0 -> -4), beast-form, marked, very heavily drained
A: beast (slay +1), large, unfitting armour, claws 3, regeneration 1, shaggy fur
1, tough skin 1
a: Begin Untransformation


You were on level 5 of the Dungeon.
You were a hulking beast.
You visited 1 branch of the dungeon, and saw 5 of its levels.

You collected 423 gold pieces.

Inventory:

Armour
 a - a +0 animal skin (worn)
Jewellery
 f - a +6 ring of strength (left claw)
 m - a ring of wizardry
Talismans
 c - a beast talisman
 d - a flux talisman
 p - a granite talisman
Wands
 o - a wand of charming (10)
 s - a wand of acid (22)
Scrolls
 e - 3 scrolls of enchant weapon {unknown}
 g - a scroll of immolation {unknown}
 h - 4 scrolls of teleportation {unknown}
 i - a scroll of noise {unknown}
 j - 2 scrolls of revelation {unknown}
 r - a scroll of enchant armour {unknown}
 t - 4 scrolls of identify {unknown}
 u - a scroll of poison {unknown}
Potions
 b - 3 potions of lignification
 k - a potion of heal wounds {unknown}
 l - 2 potions of mutation {unknown}
 n - a potion of brilliance {unknown}
 q - 2 potions of curing {unknown}
 v - a potion of degeneration {unknown}
 w - 2 potions of ambrosia {unknown}
 x - a potion of attraction {unknown}


   Skills:
 - Level 0.7 Fighting
 - Level 1.5 Dodging
 + Level 8.3 Unarmed Combat
 - Level 3.0 Shapeshifting


You had 6 spell levels left.
You didn't know any spells.
Your spell library contained the following spells:

 Spells                   Type           Power      Damage    Failure   Level
 Apportation              Tloc           0%         N/A       45%         1
 Freeze                   Ice            0%         1d3       45%         1
 Ensorcelled Hibernation  Hex/Ice        0%         N/A       58%         2
 Jinxbite                 Hex            0%         N/A       58%         2
 Passwall                 Tmut/Erth      0%         N/A       58%         2
 Frozen Ramparts          Ice            0%         1d1       83%         3
 Hailstorm                Conj/Ice       0%         3d3       83%         3
 Swiftness                Air            0%         N/A       83%         3
 Alistair's Intoxication  Tmut/Pois      0%         N/A       100%        5


Dungeon Overview and Level Annotations

Branches:
Dungeon (5/15)
 Temple: D:4-7

Altars:
Kikubaaqudgha
Makhleb

Shops:
D:2 ?


Innate Abilities, Weirdness & Mutations

You are a hulking beast.
Your limbs bulge with bestial killing power. (Slay +1)
You are too large for most types of armour.
You have claws for hands.
Your natural rate of healing is unusually fast.
You are covered in fur. (AC +1)
You have tough skin. (AC +1)


Message History

The sky beast flickers out of sight!
Deactivating autopickup; reactivate with Ctrl-A.
No target in view!
No target in view!
No target in view!
No target in view!
You miss something. Something hits you. Something shocks you.
You miss something. Something hits you. Something shocks you.
You barely miss something. Something hits you. Something shocks you.
You closely miss something. Something hits you. Something shocks you.
* * * LOW HITPOINT WARNING * * *
A scorpion comes into view.
You scratch something.
The scorpion stings you but does no damage.
A sky beast appears from thin air!
Reactivating autopickup.
The sky beast hits you.
* * * LOW HITPOINT WARNING * * *
The sky beast shocks you.
* * * LOW HITPOINT WARNING * * *
Unknown command.
You closely miss the sky beast.
The sky beast is moderately wounded.
The scorpion stings you.
* * * LOW HITPOINT WARNING * * *
You closely miss the sky beast.
The sky beast is moderately wounded.
The sky beast hits you but does no damage.
The scorpion closely misses you.
You claw the sky beast!
The sky beast is severely wounded.
The sky beast hits you but does no damage.
The scorpion stings you.
* * * LOW HITPOINT WARNING * * *
You are lethally poisoned!
The scorpion poisons you!
Unknown command.
You claw the sky beast!
The sky beast is almost dead.
You die...

..
#.....#...###.#.
...#....#.###.#
.#
..#...###...#.#
# #.###.#....#.#
##...#.....# #
#.#..(.#....#.#
#..<..#...####
#....#.###s##
#...###...#h#
#.### #....#Y#
## #.....#..
#....##..#
#...###.##
#.#### #.. ##
... ...


You could see a sky beast and a scorpion.

Vanquished Creatures
  An ice beast (D:5)
  An ogre (D:4)
  A necrophage (D:4)
  2 scorpions (D:4)
  A hound (D:5)
  An orc priest (D:2)
  An iguana (D:5)
  An orc wizard (D:5)
  A hound skeleton (D:4)
  2 adders
  3 worms
  10 dart slugs
  6 orcs
  2 ball pythons
  6 bats
  7 endoplasms
  A giant cockroach (D:4)
  5 goblins
  7 hobgoblins
  4 jackals (D:2)
  4 kobolds
  2 quokkas
  2 rats (D:1)
71 creatures vanquished.

Notes
Turn   | Place    | Note
-------+----------+-------------------------------------------
     0 | D:1      | gruber the Troll Shapeshifter began the quest for the Orb.
     0 | D:1      | Reached XP level 1. HP: 18/18 MP: 0/0
   140 | D:1      | Found a faded altar of an unknown god.
   156 | D:1      | Reached XP level 2. HP: 26/26 MP: 1/1
   692 | D:2      | Reached skill level 4 in Unarmed Combat
   826 | D:2      | Reached XP level 3. HP: 32/32 MP: 2/2
  1155 | D:2      | Reached XP level 4. HP: 40/40 MP: 3/3
  1244 | D:2      | Found Zunnuuko's Magic Scroll Emporium.
  1357 | D:3      | Reached skill level 5 in Unarmed Combat
  1696 | D:3      | Found an ancient bone altar of Kikubaaqudgha.
  1922 | D:4      | Noticed an ogre
  1931 | D:4      | Killed an ogre
  1932 | D:4      | Reached skill level 6 in Unarmed Combat
  1932 | D:4      | Reached XP level 5. HP: 13/46 MP: 4/4
  2129 | D:4      | Reached XP level 6. HP: 54/54 MP: 5/5
  2307 | D:4      | Reached skill level 7 in Unarmed Combat
  2328 | D:4      | Identified the +10 dagger of Byni {flame, rF+ Int+2}
  2386 | D:4      | Identified the +2 sling "Ebriuth" {flame, Will+ Str+4
                  | Stlth+}
  2576 | D:4      | Found a burning altar of Makhleb.
  2620 | D:5      | Entered Level 5 of the Dungeon
  2692 | D:5      | Noticed an ice beast
  2703 | D:5      | Killed an ice beast
  2704 | D:5      | Reached skill level 8 in Unarmed Combat
  2704 | D:5      | Reached XP level 7. HP: 51/61 MP: 6/6
  2781 | D:5      | Succumbed to a scorpion's poison

Illustrated notes

Levels and vault maps discovered:
D:1:      matt_arrival_grand_opening, layout_basic, serial_forest,
          infiniplex_forest_clump_small, infiniplex_forest_lined_corner,
          infiniplex_forest_lined_room_2, infiniplex_forest_split,
          infiniplex_forest_end_2, infiniplex_forest_zigzag_1,
          infiniplex_forest_end_2, infiniplex_forest_end_1,
          chequers_ecumenical_altar_twisty, due_unseen_surprise
D:2:      cheibrodos_pilgrimage, layout_basic, serial_shops,
          nicolae_shop_rolled_up
D:3:      layout_basic, kiku_gazebo_garden_becter
D:4:      kennysheep_slugbush, layout_basic, makhleb_blood_cavern_becter,
          kennysheep_generic_room_7
D:5:      nicolae_BIG_FREAKIN_CUBE, layout_loops_cross,
          nicolae_qazlal_beasts_of_the_sky

Skill      XL: |  1  2  3  4  5  6 |
---------------+-------------------+-----
Unarmed Combat | 4 6 8 |  8.3
Fighting       | |  0.7
Dodging        | |  1.5
Shapeshifting  | |  3.0

Action                     |  1- 3 |  4- 6 |  7- 9 || total
---------------------------+-------+-------+-------++-------
  Melee: Unarmed           |    71 |    81 |    19 ||   171
         Punch             |       |     3 |       ||     3
 Armour: Animal skin       |    44 |    46 |    28 ||   118
  Dodge: Dodged            |    34 |    26 |     2 ||    62

Table legend: (Time is in decaauts)
 A = Elapsed time spent in this place.
 B = Non-inter-level travel time spent in this place.
 C = Inter-level travel time spent in this place.
 D = Time resting spent in this place.
 E = Time spent auto-exploring this place.
 F = Levels seen in this place.
 G = Mean time per level.
                   A        B        C        D        E       F      G
               +--------+--------+--------+--------+--------+-----+--------+
         Total |   2762 |   2674 |     88 |      0 |   2179 |   5 |  552.4 |
       Dungeon |   2762 |   2674 |     88 |      0 |   2179 |   5 |  552.4 |
               +--------+--------+--------+--------+--------+-----+--------+

Top non-repeatable levels by time:
     D:4: 747 daAuts
     D:2: 688 daAuts
     D:1: 650 daAuts
     D:3: 521 daAuts
     D:5: 156 daAuts
